 Dungeon Crawl Stone Soup version 0.25-a0-253-g6f1b5d974a (webtiles) character file.

Game seed: 12979118943647890187, levelgen mode: classic

35 Borgoz the Slasher (level 3, 0/30 HPs)
             Began as a Minotaur Gladiator on Dec 5, 2019.
             Slain by Natasha (8 damage)
             ... on level 2 of the Dungeon.
             The game lasted 00:01:15 (1029 turns).

Borgoz the Slasher (Minotaur Gladiator)             Turns: 1029, Time: 00:01:16

Health: 0/30       AC:  3    Str: 18 (19) XL:     3   Next: 16%
Magic:  2/2        EV: 12    Int:  3 (5)  God:
Gold:   93         SH:  0    Dex:  8 (11) Spells: 2/2 levels left

rFire    . . .     SeeInvis .   a - +0 long sword
rCold    . . .     Gourm    .   (no shield)
rNeg     . . .     Faith    .   b - +0 leather armour
rPois    .         Spirit   .   c - +0 hat
rElec    .         Reflect  .   (no cloak)
rCorr    .         Harm     .   (no gloves)
MR       .....                  (no boots)
Stlth    +.........             (no amulet)
HPRegen  0.10/turn              (no ring)
MPRegen  0.08/turn              (no ring)

@: no status effects
A: retaliatory headbutt, horns 2
a: no special abilities


You were on level 2 of the Dungeon.
You were not hungry.

You visited 1 branch of the dungeon, and saw 2 of its levels.

You collected 93 gold pieces.

Inventory:

Hand Weapons
 a - a +0 long sword (weapon)
Missiles
 d - 3 throwing nets (quivered)
Armour
 b - a +0 leather armour (worn)
 c - a +0 hat (worn)
Scrolls
 g - 4 scrolls of remove curse {unknown}
 h - a scroll of enchant armour {unknown}
 i - 6 scrolls of identify {unknown}
 j - a scroll of noise {unknown}
 n - a scroll of fog {unknown}
 o - a scroll of fear {unknown}
Potions
 k - 4 potions of cancellation {unknown}
 l - a potion of curing {unknown}
 m - a potion of brilliance {unknown}
Comestibles
 f - 6 rations


   Skills:
 + Level 2.9 Fighting
 * Level 4.3 Long Blades
 - Level 2.0 Throwing
 + Level 1.0 Armour
 * Level 3.7 Dodging


You had 2 spell levels left.
You didn't know any spells.
Your spell library was empty.

Dungeon Overview and Level Annotations

Branches:
Dungeon (2/15)

Altars:
Elyvilon
Qazlal

Annotations:
D:2 Natasha


Innate Abilities, Weirdness & Mutations

You reflexively headbutt those who attack you in melee.
You have a pair of horns on your head.


Message History

Natasha is heavily wounded.
Natasha claws you.
You hit Natasha.
Natasha is almost dead.
Natasha howls an incantation.
You feel troubled. Natasha claws you.
You are too injured to fight recklessly!
You are too injured to fight recklessly!
You closely miss Natasha.
Natasha is almost dead.
Natasha drinks a potion.
Natasha is healed!
You closely miss Natasha. Natasha closely misses you. Natasha claws you.
* * * LOW HITPOINT WARNING * * *
You closely miss Natasha. Natasha claws you but does no damage.
It was a potion of degeneration.
There was something very wrong with that liquid.
You feel weakened.
You feel dopey.
You feel clumsy. Natasha claws you!
You die...

#.# ###.
#....... #.#
.#........ #.#
...≈≈≈.... #.#
..≈≈≈≈≈≈≈..
#.#
#..≈≈≈≈≈≈≈≈≈.
#.#
..≈≈≈≈≈≈≈≈≈≈≈
#.#
#..≈≈≈≈♣♣P≈≈≈≈
#.###r..≈≈≈
#$.@hw..≈≈≈
#####5..≈≈≈
#..≈≈ .≈≈ ≈


You could see a worm, Natasha, a shadow imp and a rat.

Vanquished Creatures
  2 dart slugs
  A leopard gecko (D:1)
  4 bats
  3 giant cockroaches
  4 goblins
  2 hobgoblins
  A quokka (D:2)
  A frilled lizard (D:1)
  5 kobolds
  6 rats (D:1)
29 creatures vanquished.

Notes
Turn   | Place    | Note
-------+----------+-------------------------------------------
     0 | D:1      | Borgoz the Minotaur Gladiator began the quest for the Orb.
     0 | D:1      | Reached XP level 1. HP: 18/18 MP: 0/0
   186 | D:1      | Reached XP level 2. HP: 25/25 MP: 1/1
   242 | D:1      | Reached skill level 4 in Long Blades
   759 | D:2      | Found a white marble altar of Elyvilon.
   932 | D:2      | Found a stormy altar of Qazlal.
   953 | D:2      | Reached XP level 3. HP: 27/30 MP: 2/2
   968 | D:2      | Reached skill level 1 in Armour
  1018 | D:2      | Noticed Natasha
  1029 | D:2      | Slain by Natasha

Levels and vault maps discovered:
D:1:      dpeg_arrival_signposts, layout_basic, st_stairs_9, hex_large
D:2:      layout_loops_ring, lemuel_round_altar, nicolae_overflow_hidden_temple,
          first_ration, chequers_ecumenical_altar_twisty, fedhas_ov_isle_minmay,
          uniq_sigmund, uniq_natasha

Skill      XL: |  1  2  3 |
---------------+----------+-----
Long Blades    | 4 |  4.3
Armour         | 1 |  1.0
Fighting       | |  2.9
Throwing       | |  2.0
Dodging        | |  3.7

Action                   || total
-------------------------++-------
Melee: Long sword        ||    52
       Headbutt          ||     5
  Use: Potion            ||     1
Armor: Leather armour    ||     6
Dodge: Dodged            ||    38
       Rpst.: Long sword ||    12

Table legend:
 A = Non-vault XP
 B = Vault XP
 C = Vault XP percentage of total XP
 D = Non-vault monster count
 E = Vault monster count
 F = Vault count percentage of total count
                 A         B        C        D         E       F
            +---------+---------+-------+---------+---------+-------
      Total |      45 |       5 |  10.0 |      26 |       3 |  10.3
            +---------+---------+-------+---------+---------+-------
        D:1 |      26 |       5 |  16.1 |      16 |       3 |  15.8
        D:2 |      19 |       0 |   0.0 |      10 |       0 |   0.0
            +---------+---------+-------+---------+---------+-------
